 Dungeon Crawl Stone Soup version 0.30-a0-636-g200c5c4a83 (webtiles) character file.

Game seed: 13418165357109001483

189 Sharqy the Grave Robber (level 5, 0/32 HPs)
             Began as a Vampire Necromancer on Jan 15, 2023.
             Slain by a goblin
             ... wielding a +0 dagger
             ... led by Robin
              (4 damage)
             ... on level 2 of the Dungeon.
             The game lasted 00:08:15 (1233 turns).

Sharqy the Grave Robber (Vampire Necromancer)       Turns: 1233, Time: 00:08:15

Health: 0/32       AC:  2    Str:  5 (7)  XL:     5   Next: 40%
Magic:  2/10       EV: 12    Int: 18 (20) God:
Gold:   38         SH:  0    Dex: 12 (14) Spells: 7/11 levels left

rFire   . . .      SeeInvis +    m - +0 scythe
rCold   . . .      Faith    .    (shield currently unavailable)
rNeg    . . .      Spirit   .    a - +0 robe
rPois   .          Reflect  .    (no helmet)
rElec   .          Harm     .    (no cloak)
rCorr   .          Rampage  .    (no gloves)
Will    .....                    (no boots)
Stlth   ++                       (no amulet)
HPRegen 0.45/turn                (no ring)
MPRegen 0.12/turn                (no ring)

@: healing quickly
A: alive, fangs 3, see invisible, vampiric 2, [frail 1]
a: Exsanguinate


You were on level 2 of the Dungeon.
You visited 1 branch of the dungeon, and saw 2 of its levels.

You collected 38 gold pieces.

Inventory:

Hand Weapons
 m - a +0 scythe (weapon)
Armour
 a - a +0 robe (worn)
Scrolls
 c - a scroll of enchant weapon {unknown}
 f - a scroll of immolation {unknown}
 h - a scroll of amnesia {unknown}
 i - a scroll of poison {unknown}
Potions
 b - 2 potions of magic
 d - a potion of might {unknown}
 g - a potion of lignification {unknown}
 j - a potion of mutation {unknown}
 k - a potion of ambrosia {unknown}
 l - a potion of invisibility {unknown}


   Skills:
 + Level 0.3 Fighting
 + Level 0.4 Short Blades
 + Level 2.3 Dodging
 + Level 3.5 Stealth
 + Level 3.6 Spellcasting
 + Level 6.0 Necromancy


You had 7 spell levels left.
You knew the following spells:

 Your Spells              Type           Power      Damage    Failure   Level
a - Necrotise             Necr           100%       1d9       1%          1
b - Vampiric Draining     Necr           25%        2d7       3%          3

Your spell library contained the following spells:

 Spells                   Type           Power      Damage    Failure   Level
 Animate Dead             Necr           25%        N/A       13%         4
 Agony                    Necr           25%        N/A       34%         5


Dungeon Overview and Level Annotations

Branches:
Dungeon (2/15)

Altars:

Annotations:
D:2 Robin


Innate Abilities, Weirdness & Mutations

Your natural rate of healing is accelerated.
You have razor-sharp teeth.
You have supernaturally acute eyesight. (SInv)
You are afflicted with vampirism and can become a bat while bloodless.
[You are frail. (-10% HP)]


Message History

Casting: Vampiric Draining (dangerous; 3% risk of failure)
Confirm with . or Enter, or press ? or * to list all spells.
You don't have enough magic to cast this spell.
Your goblin skeleton hits Robin but does no damage.
Robin completely misses your goblin skeleton.
Your goblin skeleton hits Robin but does no damage.
Robin hits your goblin skeleton with a +1 dagger of venom.
Your goblin skeleton is destroyed!
Casting: Vampiric Draining (dangerous; 3% risk of failure)
Confirm with . or Enter, or press ? or * to list all spells.
Aiming: Necrotise (safe; 1% risk of failure)
Press: ? - help, Shift-Dir - straight line, f - goblin
Aim: a goblin, wielding a +0 dagger (strong, chance to affect: 92%)
The goblin writhes in agony.
Your goblin skeleton hits Robin.
The goblin hits your goblin skeleton with a +0 club.
Robin throws the goblin at you!
You slash the goblin!
You kill the goblin!
Your goblin skeleton barely misses the goblin.
The goblin barely misses you.
You closely miss the goblin. The goblin hits you with a +0 dagger.
Robin throws the goblin at you! The goblin misses you.
The goblin hits you with a +0 club.
Robin hits your goblin skeleton with a +1 dagger of venom.
Your goblin skeleton is destroyed!
The goblin barely misses you.
You barely miss the goblin. The goblin hits you with a +0 dagger.
The goblin hits you with a +0 club.
Robin hits you with a +1 dagger of venom.
The goblin hits you with a +0 club. The goblin misses you.
Robin attacks as you move away! Robin closely misses you.
The goblin hits you with a +0 dagger.
* * * LOW HITPOINT WARNING * * *
The hobgoblin attacks as you move away! The hobgoblin barely misses you.
Robin throws the goblin at you!
You miss the goblin. Your bite misses the goblin.
The goblin hits you with a +0 dagger.
* * * LOW HITPOINT WARNING * * *
The goblin misses you. x2; The goblin hits you with a +0 dagger.
You die...

#g.##g..# ###..
#.g...#.###### #.....
gg....##...# #..#.#
#........##.....#
#.##.......#
########g))......#
#.........[..<..##
#......))g#g....##
#.....)..g.@g....#.###.
#####.....g.........<.h
##..............##.
##...#............
#......#######...
##.##..# #.. ........#
.. .#.[#.#.# .......#..


You could see Robin, 2 hobgoblins and 2 goblins.

Vanquished Creatures
  Sigmund (D:2)
  A ball python (D:1)
  3 bats (D:1)
  8 goblins
  3 hobgoblins (D:1)
  3 kobolds (D:1)
  2 frilled lizards (D:1)
  5 rats
26 creatures vanquished.

Vanquished Creatures (collateral kills)
  A ball python (D:1)
  A bat (D:1)
2 creatures vanquished.

Grand Total: 28 creatures vanquished

Notes
Turn   | Place    | Note
-------+----------+-------------------------------------------
     0 | D:1      | Sharqy the Vampire Necromancer began the quest for the Orb.
     0 | D:1      | Reached XP level 1. HP: 13/13 MP: 3/3
    10 | D:1      | Found a faded altar of an unknown god.
   296 | D:1      | Reached XP level 2. HP: 17/17 MP: 1/5
   800 | D:1      | Reached skill level 5 in Necromancy
  1064 | D:2      | Noticed Sigmund
  1102 | D:2      | Killed Sigmund
  1103 | D:2      | Reached skill level 6 in Necromancy
  1103 | D:2      | Gained mutation: You are afflicted with vampirism and can
                  | become a bat while bloodless. [Vampire growth]
  1103 | D:2      | Reached XP level 3. HP: 15/25 MP: 0/8
  1103 | D:2      | Reached XP level 4. HP: 19/31 MP: 0/9
  1103 | D:2      | Reached XP level 5. HP: 22/36 MP: 0/10
  1210 | D:2      | Learned a level 3 spell: Vampiric Draining
  1212 | D:2      | Noticed Robin
  1233 | D:2      | Slain by a goblin

Illustrated notes

Levels and vault maps discovered:
D:1:      heliophobic_arrival_battle_scene, layout_loops_corners,
          ebering_ecumenical_altar_sacrificial, minmay_misc_feat_x,
          nicolae_hexahallways
D:2:      layout_rooms, uniq_robin, uniq_sigmund

Skill      XL: |  1  2 |
---------------+-------+-----
Necromancy     | 6 |  6.0
Spellcasting   | 3 |  3.6
Fighting       | |  0.3
Short Blades   | |  0.4
Dodging        | |  2.3
Stealth        | |  3.5

Action                   |  1- 3 |  4- 6 || total
-------------------------+-------+-------++-------
Melee: Unarmed           |     3 |       ||     3
       Short sword       |    10 |       ||    10
       Halberd           |       |     5 ||     5
 Cast: Necrotise         |    32 |     6 ||    38
       Vampiric Draining |       |     1 ||     1
 Abil: Exsanguinate      |     1 |     1 ||     2
       Revivify          |     1 |     1 ||     2
       Bat Form          |       |     1 ||     1
Armor: Robe              |     4 |     3 ||     7
Dodge: Dodged            |    23 |    11 ||    34

Table legend: (Time is in decaauts)
 A = Elapsed time spent in this place.
 B = Non-inter-level travel time spent in this place.
 C = Inter-level travel time spent in this place.
 D = Time resting spent in this place.
 E = Time spent auto-exploring this place.
 F = Levels seen in this place.
 G = Mean time per level.
                   A        B        C        D        E       F      G
               +--------+--------+--------+--------+--------+-----+--------+
         Total |   1231 |   1228 |      3 |     71 |    770 |   2 |  615.5 |
       Dungeon |   1231 |   1228 |      3 |     71 |    770 |   2 |  615.5 |
               +--------+--------+--------+--------+--------+-----+--------+

Top non-repeatable levels by time:
     D:1: 1063 daAuts
     D:2: 168 daAuts
